 Dungeon Crawl Stone Soup version 0.31-a0-102-g33a4ccc0cb (webtiles) character file.

Game seed: 15284631171783764533

128 oufan the Covered (level 4, -3/40 HPs)
             Began as a Minotaur Fighter on May 26, 2023.
             Killed from afar by Natasha (8 damage)
             ... with a magic dart
             ... on level 3 of the Dungeon.
             The game lasted 00:11:36 (1633 turns).

oufan the Covered (Minotaur Fighter)                Turns: 1633, Time: 00:11:38

Health: -3/40      AC:  7    Str: 23    XL:     4   Next: 86%
Magic:  3/3        EV:  9    Int:  5    God:
Gold:   142        SH:  4    Dex:  9    Spells: 3/3 levels left

rFire   . . .        a - +0 war axe
rCold   . . .        c - +0 buckler
rNeg    . . .        b - +0 scale mail
rPois   .            (helmet restricted)
rElec   .            (no cloak)
rCorr   .            (no gloves)
SInv    .            (no boots)
Will    .....        (no amulet) Stlth
                     (no ring)
HPRegen 0.26/turn    (no ring)
MPRegen 0.08/turn

%: no passive effects
@: slowed, very slow
A: horns 2, retaliatory headbutt
a: no special abilities


You were on level 3 of the Dungeon.
You visited 1 branch of the dungeon, and saw 3 of its levels.

You collected 142 gold pieces.

Inventory:

Hand Weapons
 a - a +0 war axe (weapon)
 g - a +0 whip
 h - a +0 short sword
 k - a +0 spear
Armour
 b - a +0 scale mail (worn)
 c - a +0 buckler (worn)
 f - a +0 ring mail
Potions
 d - a potion of might
 e - a potion of cancellation {unknown}
 i - a potion of lignification
 j - 2 potions of curing {unknown}
 m - a potion of degeneration {unknown}
 n - a potion of berserk rage {unknown}
 o - a potion of mutation {unknown}
 r - a potion of attraction {unknown}


   Skills:
 + Level 3.9 Fighting
 + Level 3.7 Axes
 + Level 5.3 Armour
 + Level 0.2 Dodging
 + Level 4.4 Shields


You had 3 spell levels left.
You didn't know any spells.
Your spell library was empty.

Dungeon Overview and Level Annotations

Branches:
Dungeon (3/15)

Altars:

Annotations:
D:3 Natasha


Innate Abilities, Weirdness & Mutations

You have a pair of horns on your head.
You reflexively headbutt those who attack you in melee.


Message History

It was a scroll of immolation.
As you read the scroll labelled IGOOKE YPPUQ, it crumbles to dust.
You hear a loud clanging noise!
It was a scroll of noise.
You hear a shout! x7
Blink to where?
Press: ? - help, Dir - move target
As you read the scroll labelled ROCZUJ ENTOPT, it crumbles to dust.
It was a scroll of blinking.
Okay, then.
Natasha opens the door.
An endoplasm comes into view.
Natasha seems to regain her courage.
An orc comes into view. It is wielding a +0 club.
You hit the endoplasm but do no damage. You headbutt the endoplasm.
You kill the endoplasm!
Natasha closely misses you. Natasha claws you.
* * * LOW HITPOINT WARNING * * *
Natasha attacks as you move away! Natasha claws you.
* * * LOW HITPOINT WARNING * * *
You block Natasha's attack. The orc attacks as you move away!
The orc barely misses you. Natasha casts a spell at you.
You feel as though you will be slow longer.
The orc attacks as you move away! You block the orc's attack.
The orc barely misses you. Natasha claws you but does no damage.
Natasha attacks as you move away! Natasha closely misses you.
Natasha mumbles some strange words.
There is an open door here.
The orc hits you with a +0 club.
* * * LOW HITPOINT WARNING * * *
You closely miss the orc. You headbutt the orc.
You kill the orc!
The cerulean imp hits you from afar with a +0 spear.
* * * LOW HITPOINT WARNING * * *
The cerulean imp barely misses you. Natasha casts a spell at you.
The magic dart hits you!
You die...

#.......#
###..####.#
#.......#
.####....##....
..........###.#
######........#
##.####### #.# #@#
##h## ##..5##
##.....## #
##.......##.###
..####......†.....$.
.....'..............
..####.....†....##..
##.......#.#


You could see Natasha (inner flame) and a cerulean imp (summoned).

Vanquished Creatures
  Jessica (D:2)
  A gnoll (D:1)
  4 adders
  A worm (D:2)
  An orc (D:3)
  4 ball pythons (D:1)
  8 endoplasms
  7 goblins
  4 hobgoblins
  4 jackals (D:1)
  5 kobolds
  4 bats
  3 frilled lizards
  8 rats
55 creatures vanquished.

Notes
Turn   | Place    | Note
-------+----------+-------------------------------------------
     0 | D:1      | oufan the Minotaur Fighter began the quest for the Orb.
     0 | D:1      | Reached XP level 1. HP: 19/19 MP: 0/0
    96 | D:1      | Reached XP level 2. HP: 26/27 MP: 1/1
   150 | D:1      | Found a faded altar of an unknown god.
   150 | D:1      | Noticed a blizzard demon
   559 | D:1      | Reached skill level 4 in Armour
   559 | D:1      | Reached XP level 3. HP: 20/33 MP: 2/2
  1047 | D:2      | Noticed Jessica
  1054 | D:2      | Killed Jessica
  1055 | D:2      | Reached XP level 4. HP: 9/40 MP: 3/3
  1369 | D:2      | Reached skill level 5 in Armour
  1579 | D:3      | Noticed Natasha
  1633 | D:3      | Killed from afar by Natasha

Illustrated notes

Levels and vault maps discovered:
D:1:      roderic_lyre, layout_basic, dreamdust_ecumenical_altar_sealed_demon,
          serial_co_window_serial, co_window_cross_1,
          co_window_of_opportunity_a, co_window_paths_a, co_window_paths_a,
          co_window_corner_a, co_window_paths_b, co_window_of_opportunity_c,
          co_window_2corner, co_window_of_opportunity_c,
          co_window_of_opportunity_b, co_window_4corner_a, co_window_paths_d,
          glass_columns_b, glass_columns_c, glass_columns_c
D:2:      minmay_recursive_quarters, layout_rooms, kennysheep_decorative_pillar,
          uniq_jessica
D:3:      layout_loops_corners, mainiacjoe_overflow_concentric_impassable,
          nicolae_figureground_pulse, uniq_grinder, uniq_natasha

Skill      XL: |  1  2  3  4 |
---------------+-------------+-----
Shields        | 4 |  4.4
Armour         | 4 5 |  5.3
Axes           | 3 |  3.7
Fighting       | |  3.9
Dodging        | |  0.2

Action                     |  1- 3 |  4- 6 || total
---------------------------+-------+-------++-------
  Melee: War axe           |    69 |    70 ||   139
         Headbutt          |     7 |     6 ||    13
    Use: Scroll            |     3 |     4 ||     7
 Armour: Scale mail        |    34 |    56 ||    90
  Dodge: Dodged            |    30 |    42 ||    72
  Block: Buckler           |    17 |    25 ||    42

Table legend: (Time is in decaauts)
 A = Elapsed time spent in this place.
 B = Non-inter-level travel time spent in this place.
 C = Inter-level travel time spent in this place.
 D = Time resting spent in this place.
 E = Time spent auto-exploring this place.
 F = Levels seen in this place.
 G = Mean time per level.
                   A        B        C        D        E       F      G
               +--------+--------+--------+--------+--------+-----+--------+
         Total |   1693 |   1628 |     65 |      0 |      0 |   3 |  564.3 |
       Dungeon |   1693 |   1628 |     65 |      0 |      0 |   3 |  564.3 |
               +--------+--------+--------+--------+--------+-----+--------+

Top non-repeatable levels by time:
     D:1: 892 daAuts
     D:2: 636 daAuts
     D:3: 165 daAuts
